 Dungeon Crawl Stone Soup version 0.19.0-19-g8c6edcc (webtiles) character file.

54 Larett the Sneak (level 3, -6/26 HPs)
             Began as a Ghoul Fire Elementalist on Nov 15, 2016.
             Mangled by Natasha (8 damage)
             ... on level 2 of the Dungeon.
             The game lasted 00:07:36 (2086 turns).

Larett the Sneak (Ghoul Fire Elementalist)          Turns: 2086, Time: 00:07:36

Health: -6/26      AC:  3    Str: 11    XL:     3   Next: 91%
Magic:  1/4        EV: 12    Int: 11    God:
Gold:   64         SH:  0    Dex:  9    Spells: 1 memorised, 4 levels left

rFire  . . .     SeeInvis .     m - -3 mace (curse)
rCold  + . .     Gourm    .     g - +1 robe
rNeg   + + +     Faith    .     (no shield)
rPois  ∞         Spirit   .     (no helmet)
rElec  .         Reflect  .     (no cloak)
rCorr  .         Harm     .     (no gloves)
MR     .....                    (no boots)
Stlth  ++........               (no amulet)
                                (no ring)
                                (no ring)

@: very slightly contaminated, rotting
A: rotting body, claws 1, carnivore 3, cold resistance 1, negative energy
resistance 3, slow regeneration 1, torment resistance, unbreathing
a: no special abilities


You were on level 2 of the Dungeon.
You were not hungry.

You visited 1 branch of the dungeon, and saw 2 of its levels.

You collected 64 gold pieces.

Inventory:

Hand Weapons
 a - a +0 dagger
 b - a +0 hunting sling
 m - a cursed -3 mace (weapon)
 q - a +1 halberd of venom
Missiles
 h - 51 stones (quivered)
 i - 20 sling bullets
 n - 11 arrows
 o - 16 poisoned needles
 t - 8 tomahawks of dispersal
Armour
 g - a +1 robe (worn)
Scrolls
 f - a scroll of identify
 j - 2 scrolls of recharging
 p - a scroll of remove curse
 s - a scroll of fear {unknown}
 u - a scroll of enchant armour
Potions
 e - a potion of haste
 k - a potion of heal wounds
 r - a potion of brilliance {unknown}
Books
 d - a book of Flames

   Spells                             Type                      Level
   a - Flame Tongue                   Conjuration/Fire             1
   b - Throw Flame                    Conjuration/Fire             2
   c - Conjure Flame                  Conjuration/Fire             3
   d - Inner Flame                    Hexes/Fire                   3
   e - Sticky Flame                   Conjuration/Fire             4
   f - Fireball                       Conjuration/Fire             5
Comestibles
 c - 3 meat rations
 l - 4 chunks of flesh {@w1}


   Skills:
 - Level 1.7 Dodging
 + Level 4.8 Stealth
 - Level 1.7 Spellcasting
 - Level 0.7 Conjurations
 - Level 2.4 Fire Magic


You had 4 spell levels left.
You knew the following spells:

 Your Spells              Type           Power        Failure   Level  Hunger
a - Flame Tongue          Conj/Fire      #....        17%         1    ##.....


Dungeon Overview and Level Annotations

Branches:
Dungeon (2/15)

Altars:

Annotations:
D:2 Natasha


Innate Abilities, Weirdness & Mutations

Your body is rotting away.
You thrive on raw meat.
You are immune to poison.
You have sharp fingernails.
You are carnivorous and can eat meat at any time.
Your flesh is cold resistant. (rC+)
You are immune to negative energy. (rN+++)
You regenerate slowly when monsters are visible.
You are immune to unholy pain and torment.
You can survive without breathing.


Message History

The flame tongue hits Natasha.
Natasha appears unharmed.
The shadow imp disappears in a puff of smoke!
Natasha casts a spell at you. You resist with significant effort.
Throwing (i - inventory. (,) - cycle):
h - 53 stones (quivered)
Press: ? - help, Shift-Dir - straight line, f/p - Natasha
Aim: Natasha You throw a stone.
The stone closely misses Natasha.
Natasha claws you!
* * * LOW HITPOINT WARNING * * *
Natasha casts a spell at you. You resist with significant effort.
Throwing (i - inventory. (,) - cycle):
h - 52 stones (quivered)
Press: ? - help, Shift-Dir - straight line, f/p - Natasha
Aim: Natasha You throw a stone.
The stone barely misses Natasha.
Natasha claws you.
* * * LOW HITPOINT WARNING * * *
There is a stone staircase leading down here.
Natasha closely misses you. Natasha claws you!
You die...

........## ..#.###...........
######### #.#....###..##.... .
# #.####.#.......... . ...
#.####....#.#..... ##
#...#########.#....#.#........
#.............##.÷.#..##....
####.....#..####..#...######
.....#####...###..#.#....#
###### ##n........####.##
#h###......# #..#
#.##....##.####<##
#.##.##...........
#.#..##.##.##.....
##.#....PPP........
##....###P≈P≈#.....P #...#.#
#P≈≈......≈P ######.#.#.#
#.♣≈≈###..PP


You could see Natasha.

Vanquished Creatures
  2 oozes (D:1)
  3 leopard geckos
  4 giant cockroaches (D:1)
  7 hobgoblins
  6 jackals (D:1)
  A bat (D:1)
  3 frilled lizards
  3 goblins (D:1)
  7 kobolds (D:1)
  6 rats
42 creatures vanquished.

Vanquished Creatures (others)
  A plant (D:1)
1 creature vanquished.

Grand Total: 43 creatures vanquished

Notes
Turn   | Place    | Note
-------+----------+-------------------------------------------
     0 | D:1      | Larett the Ghoul Fire Elementalist began the quest for the Orb.
     0 | D:1      | Reached XP level 1. HP: 14/14 MP: 2/2
   240 | D:1      | Reached skill level 3 in Stealth
   240 | D:1      | Reached XP level 2. HP: 13/20 MP: 1/3
   256 | D:1      | HP: 3/20 [leopard gecko (3)]
   820 | D:1      | Reached skill level 4 in Stealth
   820 | D:1      | Reached XP level 3. HP: 16/26 MP: 0/4
  2060 | D:2      | Noticed Natasha
  2075 | D:2      | HP: 2/26 [Natasha (6)]
  2086 | D:2      | Mangled by Natasha

Skill      XL: |  1  2 |
---------------+-------+-----
Stealth        | 3 4 |  4.8
Dodging        | |  1.7
Spellcasting   | |  1.7
Conjurations   | |  0.7
Fire Magic     | |  2.4

Action                   || total
-------------------------++-------
Melee: Dagger            ||    56
       Unarmed           ||     3
       Mace              ||    45
 Fire: Hunting sling     ||    29
Throw: Stone             ||     6
 Cast: Flame Tongue      ||    28
  Use: Scroll            ||     6
 Stab: Sleeping          ||     1
  Eat: Chunk             ||    17
Armor: Robe              ||    38
Dodge: Dodged            ||    99
